 Dungeon Crawl Stone Soup version 0.23-a0-137-gef0ad6d (webtiles) character file.

669 Amnesiac the Gusty (level 7, -3/46 HPs)
             Began as a Mummy Air Elementalist on Aug 30, 2018.
             Was a Believer of Kikubaaqudgha.
             Slain by a wight
             ... wielding a cursed +0 morningstar
              (7 damage)
             ... on level 6 of the Dungeon.
             The game lasted 00:08:21 (3709 turns).

Amnesiac the Gusty (Mummy Air Elementalist)         Turns: 3709, Time: 00:08:21

Health: -3/46      AC:  4    Str: 11    XL:     7   Next: 32%
Magic:  0/13       EV: 11    Int: 17    God:    Kikubaaqudgha [**....]
Gold:   178        SH:  0    Dex: 12    Spells: 4/14 levels left

rFire    + . .     SeeInvis .   a - +2 dagger (drain)
rCold    + . .     Gourm    .   (no shield)
rNeg     + + +     Faith    .   c - +1 leather armour {rF+}
rPois    ∞         Spirit   .   (no helmet)
rElec    .         Reflect  .   (no cloak)
rCorr    .         Harm     .   (no gloves)
MR       +....                  (no boots)
Stlth    ++........             (no amulet)
HPRegen  0.15/turn              o - ring of protection from magic
MPRegen  0.13/turn              j - ring of protection from fire

@: very slightly contaminated
A: no food or potions, fire vulnerability, cold resistance 1, negative energy
resistance 3, torment resistance, unbreathing
a: Receive Corpses, Renounce Religion


You were on level 6 of the Dungeon.
You worshipped Kikubaaqudgha.
Kikubaaqudgha was pleased with you.
You were not hungry.

You visited 1 branch of the dungeon, and saw 6 of its levels.

You collected 178 gold pieces.

Inventory:

Hand Weapons
 a - a +2 dagger of draining (weapon)
 b - a +0 falchion
Armour
 c - a +1 leather armour of fire resistance (worn)
Jewellery
 d - an uncursed ring of protection from magic
 j - a ring of protection from fire (right hand)
 l - an uncursed ring of resist corrosion
 o - a ring of protection from magic (left hand)
Wands
 k - a wand of clouds (4)
Scrolls
 f - 3 scrolls of identify {!r}
 g - 2 scrolls of fog {!r}
 h - a scroll of enchant weapon {!r}
 n - 4 scrolls of remove curse {!r}
 q - a scroll of noise {!r}


   Skills:
 - Level 1.5 Dodging
 + Level 1.6 Stealth
 - Level 4.0 Spellcasting
 - Level 4.0 Conjurations
 - Level 4.0 Necromancy
 - Level 4.0 Air Magic


You had 4 spell levels left.
You knew the following spells:

 Your Spells              Type           Power        Failure   Level  Hunger
a - Airstrike             Air            ###.......   36%         4    N/A
d - Vampiric Draining     Necr           ###.......   12%         3    N/A
e - Shock                 Conj/Air       ###.         4%          1    N/A
z - Swiftness             Chrm/Air       ##......     14%         2    N/A

Your spell library contained the following spells:

 Spells                   Type           Power        Failure   Level  Hunger
 Animate Skeleton         Necr           N/A          4%          1    N/A
 Pain                     Necr           ###.         4%          1    N/A
 Corpse Rot               Necr           N/A          6%          2    N/A
 Static Discharge         Conj/Air       ###.....     12%         3    N/A
 Lightning Bolt           Conj/Air       ###.......   73%         5    N/A

Dungeon Overview and Level Annotations

Branches:
Dungeon (6/15)             Temple (0/1) D:5

Altars:
Cheibriados
Dithmenos
Kikubaaqudgha
Qazlal
Ru
Wu Jian
Xom
Zin

Annotations:
D:6 3 runed doors, tilp's ghost, novice MfIE


Innate Abilities, Weirdness & Mutations

You do not eat or drink.
Your flesh is vulnerable to fire.
You are immune to poison.
Your flesh is cold resistant. (rC+)
You are immune to negative energy. (rN+++)
You are immune to unholy pain and torment.
You can survive without breathing.


Message History

A hound comes into view.
Things that are here:
a flail; an orc corpse A jelly, a sky beast and a crimson imp come into view.
A worker ant comes into view.
An iguana comes into view.
The orc wizard mumbles some strange words.
The orc wizard blinks!
The orc wizard gestures wildly while chanting.
The orc wizard flickers and vanishes!
Deactivating autopickup; reactivate with Ctrl-A.
The sky beast moves out of view.
Things that are here:
a flail; an orc corpse Really read
e - a scroll of teleportation {!r}?
As you read the scroll of teleportation {!r}, it crumbles to dust.
You feel strangely unstable.
The crimson imp shouts, "Out, out, thou pecksniffian high-strung You hear the slow hiss of a very distant avalanche of sand.
Your surroundings suddenly seem different.
The hound barks!
A quokka comes into view.
The worker ant twitches its antennae in your direction.
The sky beast flickers out of sight!
Really read
p - a scroll labeled ACHORE VUOWAI {!r}?
Blink to where?
Press: ? - help, Dir - move target cursor You are very lightly contaminated with residual magic.
As you read the scroll labeled ACHORE VUOWAI {!r}, it crumbles to dust.
It was a scroll of blinking {!r}. 5 wights come into view.
Found an ornate altar of the Wu Jian Council and a glowing silver altar of Zin.
Really read
m - a scroll labeled HAV GOS VUED {!r}?
As you read the scroll labeled HAV GOS VUED {!r}, it crumbles to dust.
You assume a fearsome visage.
The quokka looks frightened!
The wight is unaffected. x5
The worker ant resists with some effort.
It was a scroll of fear {!r}.
The worker ant waves its antennae.
There is a glowing silver altar of Zin here.
The wight hits you but does no damage.
You hit the wight.
The wight is lightly damaged.
The wight hits you with a mace.
* * * LOW HITPOINT WARNING * * *
The wight barely misses you.
Okay, then.
Casting: Shock (safe; 4% risk of failure)
Confirm with . or Enter, or press ? or * to list all spells.
Okay, then.
Okay, then.
Casting: Shock (safe; 4% risk of failure)
Confirm with . or Enter, or press ? or * to list all spells.
Okay, then.
Unknown command.
Casting: Shock (safe; 4% risk of failure)
Confirm with . or Enter, or press ? or * to list all spells.
Aiming: Airstrike (quite dangerous; 36% risk of failure)
Press: ? - help, Dir - move target cursor, f - wight
Aim: a wight, wielding a morningstar and wearing a robe (lightly damaged)
The air twists around and strikes the wight!
The wight is moderately damaged.
The wight closely misses you. The wight hits you with a morningstar!
You die...
Kikubaaqudgha rasps: "You have failed me!
Welcome... oblivion!"

#......#
##.##...#
#.......#
#..h..####
#._8_.......
#h..........
#a.z........
#z##........
#.@z........
#####.......
....z..
..... ####


You could see a hound, a worker ant and 3 wights.

Vanquished Creatures
  An ice beast (D:5)
  An ogre (D:6)
  A scorpion (D:4)
  A hound (D:4)
  3 jellies
  An orc wizard (D:3)
  A crimson imp (D:5)
  A centaur skeleton (D:5)
  An iguana (D:5)
  A worker ant (D:5)
  7 adders
  3 oozes
  An adder skeleton (D:5)
  8 worms
  2 leopard geckos
  14 orcs
  A ball python (D:3)
  A giant cockroach (D:4)
  5 goblins
  5 hobgoblins
  4 jackals (D:4)
  2 kobolds (D:1)
  3 quokkas
  8 bats
  5 frilled lizards
  4 rats
85 creatures vanquished.

Notes
Turn   | Place    | Note
-------+----------+-------------------------------------------
     0 | D:1      | Amnesiac the Mummy Air Elementalist began the quest for the
                  | Orb.
     0 | D:1      | Reached XP level 1. HP: 13/13 MP: 4/4
   401 | D:4      | Noticed a hound
   479 | D:3      | Found a snail-covered altar of Cheibriados.
   479 | D:3      | Found a sacrificial altar of Ru.
   479 | D:3      | Found an ancient bone altar of Kikubaaqudgha.
   488 | D:3      | Reached XP level 2. HP: 18/19 MP: 0/5
   489 | D:3      | Found a shimmering altar of Xom.
   495 | D:3      | Learned a level 2 spell: Swiftness
   497 | D:3      | Became a worshipper of Kikubaaqudgha
  1134 | D:2      | Reached XP level 3. HP: 21/24 MP: 7/7
  1148 | D:2      | Found a stormy altar of Qazlal.
  1150 | D:2      | Noticed an earth elemental
  1150 | D:2      | Noticed a fire elemental
  1151 | D:2      | Noticed a water elemental
  1151 | D:2      | Noticed an air elemental
  1412 | D:3      | Reached * piety under Kikubaaqudgha
  1412 | D:3      | Identified Kikubaaqudgha's Disquisition on Darkness
                  | (Kikubaaqudgha gifted it to you on level 3 of the Dungeon)
  1412 | D:3      | Received a gift from Kikubaaqudgha
  1470 | D:3      | Reached XP level 4. HP: 29/30 MP: 9/9
  1476 | D:3      | Learned a level 4 spell: Airstrike
  2199 | D:4      | Reached skill level 1 in Conjurations
  2222 | D:4      | Reached skill level 1 in Necromancy
  2222 | D:4      | Reached XP level 5. HP: 26/35 MP: 9/11
  2261 | D:4      | Learned a level 3 spell: Vampiric Draining
  2453 | D:5      | Entered Level 5 of the Dungeon
  2802 | D:5      | Reached XP level 6. HP: 34/41 MP: 8/12
  2813 | D:5      | Reached ** piety under Kikubaaqudgha
  2913 | D:5      | Noticed an ice beast
  2930 | D:5      | Killed an ice beast
  2945 | D:5      | Found a shadowy altar of Dithmenos.
  3125 | D:5      | Reached XP level 7. HP: 23/46 MP: 7/13
  3252 | D:5      | Found a staircase to the Ecumenical Temple.
  3679 | D:6      | Found a runed gate.
  3679 | D:6      | Found a runed gate.
  3679 | D:6      | Found a runed gate.
  3679 | D:6      | Noticed tilp's ghost (novice MfIE)
  3700 | D:6      | Found an ornate altar of the Wu Jian Council.
  3700 | D:6      | Found a glowing silver altar of Zin.
  3709 | D:6      | Slain by a wight

Vault maps used:
D:1:      evilmike_arrival_hilbert_curve, serial_bayou_pond_d
D:2:      nicolae_qazlal_style_of_elements
D:3:      grunt_temple_overflow_open
D:4:      first_ration
D:5:      minmay_temple_entry_grid, nicolae_dithmenos_the_darkroom
D:6:      chequers_temple_overflow_statue_of_worship,
          gammafunk_ghost_necromancy, enter_ossuary_4, basic_altar, uniq_pikel,
          uniq_eustachio, uniq_grinder, uniq_prince_ribbit1

Skill      XL: |  1  2  3  4  5  6  7 |
---------------+----------------------+-----
Air Magic      | 3 4 |  4.0
Spellcasting   | 3 4 |  4.0
Conjurations   | 1 2 3 4 |  4.0
Necromancy     | 1 3 4 |  4.0
Dodging        | |  1.5
Stealth        | |  1.6

Action                   |  1- 3 |  4- 6 |  7- 9 || total
-------------------------+-------+-------+-------++-------
Melee: Unarmed           |     4 |       |       ||     4
       Dagger            |    64 |   135 |    39 ||   238
 Cast: Shock             |    23 |    44 |     9 ||    76
       Airstrike         |       |     1 |     3 ||     4
       Vampiric Draining |       |     1 |       ||     1
  Use: Scroll            |     3 |     1 |     4 ||     8
 Stab: Sleeping          |     2 |     1 |       ||     3
Armor: Leather armour    |    33 |    34 |    11 ||    78
Dodge: Dodged            |    59 |    64 |    20 ||   143

Table legend:
 A = Non-vault XP
 B = Vault XP
 C = Vault XP percentage of total XP
 D = Non-vault monster count
 E = Vault monster count
 F = Vault count percentage of total count
                 A         B        C        D         E       F
            +---------+---------+-------+---------+---------+-------
      Total |     957 |       0 |   0.0 |      85 |       0 |   0.0
            +---------+---------+-------+---------+---------+-------
        D:1 |      16 |       0 |   0.0 |      11 |       0 |   0.0
        D:2 |      57 |       0 |   0.0 |      16 |       0 |   0.0
        D:3 |     102 |       0 |   0.0 |      17 |       0 |   0.0
        D:4 |     174 |       0 |   0.0 |      17 |       0 |   0.0
        D:5 |     440 |       0 |   0.0 |      18 |       0 |   0.0
        D:6 |     168 |       0 |   0.0 |       6 |       0 |   0.0
            +---------+---------+-------+---------+---------+-------
